 Dungeon Crawl Stone Soup version 0.30-a0-630-g881e3bac89 (webtiles) character file.

Game seed: 18443379168326382168

2 Fenrisus the Covered (level 1, 0/20 HPs)
             Began as a Djinni Fighter on Jan 13, 2023.
             Slain by a gnoll
             ... wielding a +0 spear
              (4 damage)
             ... on level 1 of the Dungeon.
             The game lasted 00:01:53 (170 turns).

Fenrisus the Covered (Djinni Fighter)                Turns: 170, Time: 00:01:54

Health: 0/20       AC:  6    Str: 15    XL:     1   Next: 33%
Gold:   0          EV:  8    Int:  9    God:
                   SH:  4    Dex: 12

rFire   + + .      SeeInvis .    a - +0 rapier
rCold   x . .      Faith    .    c - +0 buckler
rNeg    . . .      Spirit   .    b - +0 scale mail
rPois   ∞          Reflect  .    (no helmet)
rElec   .          Harm     .    (no cloak)
rCorr   .          Rampage  .    (no gloves)
Will    .....                    (boots unavailable) Stlth
                                 (no amulet)
HPRegen 0.23/turn                (no ring)
MPRegen 0.00/turn                (no ring)

@: flying
A: sickness immunity, fire resistance 2, cold vulnerability 1, float, innate
caster, HP casting, extra vitality 1
a: no special abilities


You were on level 1 of the Dungeon.
You visited 1 branch of the dungeon, and saw 1 of its levels.

Inventory:

Hand Weapons
 a - a +0 rapier (weapon)
Armour
 b - a +0 scale mail (worn)
 c - a +0 buckler (worn)
Scrolls
 e - a scroll of brand weapon {unknown}
Potions
 d - a potion of might


   Skills:
 + Level 3.0 Fighting
 + Level 1.7 Short Blades
 + Level 3.1 Armour
 + Level 3.0 Shields


You couldn't memorise any spells.
You didn't know any spells.
Your spell library was empty.

Dungeon Overview and Level Annotations

Branches:
Dungeon (1/15)

Altars:


Innate Abilities, Weirdness & Mutations

You are immune to sickness and miasma.
You are immune to poison.
Your flesh is very heat resistant. (rF++)
You are vulnerable to cold. (rC-)
You float through the air rather than walking.
You learn spells naturally, not from books.
Your magical power is your life essence.
You have superior vitality. (+4 MHP)


Message History

HP restored.
e - a scroll labelled HAVE TITIN ASE A ball python comes into view.
The ball python hisses angrily.
You see here a rat corpse.
The ball python barely misses you. x2; The ball python bites you.
The ball python grabs you. The ball python constricts you.
You closely miss the ball python. You block the ball python's attack.
The ball python constricts you.
You barely miss the ball python.
The ball python bites you but does no damage.
The ball python constricts you.
Sorry, you're not good enough to have a special ability.
You hit the ball python.
You kill the ball python!
Things that are here:
a ball python corpse; a rat corpse
Found a scroll labelled SUYRUO PIKHEF.
A gnoll comes into view. It is wielding a +0 spear.
The gnoll shouts!
The gnoll moves out of view.
You see here a scroll labelled SUYRUO PIKHEF.
Found a triangular lapis lazuli amulet and 4 gold pieces.
The gnoll hits you but does no damage. The gnoll attacks as you move away!
The gnoll hits you with a +0 spear!
The gnoll hits you from afar with a +0 spear.
You see here a scroll labelled SUYRUO PIKHEF.
The gnoll hits you from afar with a +0 spear.
You block the gnoll's attack.
The gnoll hits you from afar with a +0 spear.
You see here a +0 sling.
You block the gnoll's attack. The gnoll hits you but does no damage.
The gnoll completely misses you.
The gnoll hits you from afar with a +0 spear.
The gnoll hits you from afar with a +0 spear.
The gnoll hits you from afar with a +0 spear!
* * * LOW HITPOINT WARNING * * *
The gnoll hits you from afar with a +0 spear.
You die...

#####.#.#######
...............
#######.#..######
#..........#
#..........#
#..........#
#.g........#
#######........(.#
..........@>.....#
#######.........)#
#..........#
########†### #.#
#+ #.# ♣♣♣♣♣. #.#
♣..... #.# ♣♣.♣♣♣.
#.# ♣♣[..P♣.


You could see a gnoll.

Vanquished Creatures
  2 ball pythons (D:1)
  A rat (D:1)
3 creatures vanquished.

Vanquished Creatures (others)
  3 plants (D:1)
3 creatures vanquished.

Grand Total: 6 creatures vanquished

Notes
Turn   | Place    | Note
-------+----------+-------------------------------------------
     0 | D:1      | Fenrisus the Djinni Fighter began the quest for the Orb.
     0 | D:1      | Reached XP level 1. HP: 20/20 MP: 0/0
   170 | D:1      | Slain by a gnoll

Illustrated notes

Levels and vault maps discovered:
D:1:      psy_arrival_fountain, layout_basic, chequers_serial_rivers_micro_b

Action                   || total
-------------------------++-------
Melee: Rapier            ||    26
Armor: Scale mail        ||    13
Dodge: Dodged            ||     7
Block: Buckler           ||     4

Table legend: (Time is in decaauts)
 A = Elapsed time spent in this place.
 B = Non-inter-level travel time spent in this place.
 C = Inter-level travel time spent in this place.
 D = Time resting spent in this place.
 E = Time spent auto-exploring this place.
 F = Levels seen in this place.
 G = Mean time per level.
                   A        B        C        D        E       F      G
               +--------+--------+--------+--------+--------+-----+--------+
         Total |    173 |    167 |      6 |      0 |      0 |   1 |  173.0 |
       Dungeon |    173 |    167 |      6 |      0 |      0 |   1 |  173.0 |
               +--------+--------+--------+--------+--------+-----+--------+

Top non-repeatable levels by time:
     D:1: 173 daAuts
